Map: Shrines of Lizul

Players

Gaspasser

  • Race: Zerg Zerg
  • Spawn Location: 3:00

HopHing

  • Race: Terran Terran
  • League: Silver
  • Spawn Location: 12:00

Michael - Winner!

  • Race: Zerg Zerg
  • League: Gold
  • Spawn Location: 9:00

MonstroTown - Winner!

  • Race: Terran Terran
  • Spawn Location: 6:00

VOD

Have the link to the VOD?

Description

Time

  • Played on: Sept. 29, 2018, 1:33 a.m.
  • Length: 15:06
Show
View Real Time Build Order
Export as new Build Order

Gaspasser Zerg 

Build Orders: Pool First 

Get SALT Encoding   

  12  0:03  Drone  
  13  0:09  Drone  
  14  0:14  Extractor  
  14  0:21  Drone  
  14  0:36  Spawning Pool  
  13  0:54  Overlord, Drone  
  14  1:25  Queen  
  16  1:26  Metabolic Boost  
  16  1:32  Zergling x4  
  18  1:34  Zergling x2  
  19  1:45  Zergling x2  
  20  2:06  Zergling x4  
  22  2:29  Baneling Nest  
  21  2:33  Zergling x2  
  21  2:35  Overlord  
  21  2:39  Spine Crawler  
  21  2:41  Zergling x4  
  21  2:42  Overlord  
  22  2:54  Drone  
  15  3:30  Zergling x8  
  19  3:38  Baneling x2  
  19  3:43  Zergling x2  
  21  4:02  Zergling x2  
  21  4:03  Zergling x2  
  21  4:04  Drone x2  
  23  4:39  Drone x3  
  23  4:43  Lair  
  26  5:10  Zergling x4  
  28  5:21  Zergling x6  
  28  5:27  Overlord  
  30  5:38  Drone  
  30  5:42  Extractor  
  30  5:53  Hatchery  
  30  5:56  Drone x2  
  31  6:02  Spire  
  29  6:12  Spine Crawler  
  29  6:14  Baneling x5  
  29  6:15  Baneling  
  28  6:52  Zergling x8  
  22  7:08  Zergling x2  
  4  8:30  Hatchery  
  3  10:13  Drone x3  
  6  10:26  Drone  
  1  11:09  Drone  
  1  11:57  Hatchery  
    14:25  Drone x3  
  4  14:52  Drone  
  4  14:53  Drone  
Show
View Real Time Build Order
Export as new Build Order

HopHing Terran 

Build Orders: MMM Bio 

Get SALT Encoding   

  12  0:01  SCV  
  13  0:13  SCV  
  14  0:25  SCV  
  15  0:36  Supply Depot  
  15  0:46  Supply Depot, Refinery  
  15  0:57  SCV  
  15  1:00  Barracks  
  16  1:12  Barracks  
  16  1:13  SCV  
  17  1:24  Refinery  
  17  1:25  SCV  
  18  1:37  SCV  
  19  1:45  Barracks  
  19  1:47  Reaper  
  20  1:52  SCV  
  21  2:02  Reaper  
  21  2:04  SCV  
  23  2:15  Supply Depot  
  23  2:16  SCV  
  23  2:21  Reaper  
  25  2:28  SCV  
  26  2:33  Reaper  
  26  2:34  Reaper  
  28  2:47  SCV  
  29  2:53  Reaper  
  30  3:01  SCV  
  30  3:02  Supply Depot  
  30  3:05  Reaper  
  32  3:06  Reaper  
  32  3:25  Reaper  
  33  3:36  Orbital Command  
  33  3:42  Command Center  
  33  3:43  Barracks Tech Lab  
  33  3:48  Barracks Reactor  
  30  4:40  SCV  
  30  4:43  Supply Depot  
  30  4:45  Marine x3  
  34  4:47  Factory  
  34  4:51  Marine  
  34  4:52  SCV  
  36  5:02  Marine  
  36  5:03  Marine  
  36  5:04  SCV  
  39  5:09  Marauder  
  39  5:12  Supply Depot  
  39  5:13  Marine  
  42  5:15  Stimpack  
  42  5:16  SCV  
  42  5:20  Marine x2  
  45  5:30  Marine  
  45  5:31  Marine  
  47  5:38  Marine x2  
  47  5:39  Factory Reactor  
  47  5:41  SCV  
  50  5:44  Starport  
  50  5:48  Marine  
  50  5:49  Marine  
  52  5:53  SCV  
  53  6:02  Engineering Bay  
  53  6:06  Marauder, Barracks  
  53  6:09  Marine x3  
  58  6:26  Marine x2  
  58  6:32  Marine x2  
  62  6:35  Bunker  
  62  6:44  SCV, Marine  
  62  6:45  Missile Turret, Supply Depot  
  64  6:51  Factory Tech Lab  
  63  6:56  SCV  
  63  7:02  Marine x3  
  63  7:03  Marine  
  63  7:05  Medivac x2  
  71  7:16  Barracks Tech Lab, Combat Shields  
  71  7:19  Widow Mine  
  73  7:30  Supply Depot  
  73  7:35  Medivac  
  75  8:01  Marine x3  
  64  8:46  Medivac x2  
  64  8:54  Marine x4  
  68  9:03  Hi-Sec Auto Tracking  
  68  9:05  Concussive Shells  
  70  9:11  Siege Tank  
  70  9:12  Marine x3  
  70  9:13  Marauder  
  76  9:23  SCV  
  77  9:29  SCV, Marine  
  77  9:30  Marine  
  80  9:33  Marine x2  
  80  9:35  SCV  
  83  9:41  SCV  
  84  9:47  SCV, Marine  
  78  9:53  SCV  
  76  10:11  Marine x4  
  80  10:19  Missile Turret, SCV  
  80  10:20  Missile Turret  
  81  10:29  Marine x4  
  81  10:31  SCV  
  86  10:38  Barracks  
  85  10:48  Marauder  
  87  10:51  Marine x2  
  87  10:52  Marine  
  80  11:08  Marine  
  80  11:09  Marine x2  
  77  11:27  Marauder  
  74  11:37  Marine  
  74  11:38  Marine x2  
  77  11:48  Marine  
  77  11:49  Command Center  
  78  11:55  Marine  
  79  12:21  Supply Depot  
  79  12:22  Supply Depot  
  79  12:27  Marine  
  79  12:29  Marine x2  
  79  12:31  Marauder  
  70  12:45  Marine  
  70  12:47  Marine x2  
  62  12:52  Marine  
  58  13:02  Marine  
  58  13:05  Marine x2  
  29  14:16  Orbital Command  
Show
View Real Time Build Order
Export as new Build Order

Michael Zerg - Winner!

Build Orders: Pool First 

Get SALT Encoding   

  12  0:01  Drone  
  13  0:13  Overlord  
  13  0:17  Drone  
  14  0:31  Drone x2  
  14  0:35  Drone  
  17  0:43  Extractor  
  17  0:45  Drone  
  17  0:53  Spawning Pool  
  17  0:56  Drone  
  17  1:08  Drone  
  18  1:25  Hatchery  
  17  1:29  Drone  
  18  1:41  Queen  
  20  1:47  Metabolic Boost  
  20  1:53  Zergling x2  
  21  1:56  Zergling x2  
  22  2:04  Overlord  
  22  2:13  Spine Crawler  
  21  2:18  Zergling x2  
  22  2:23  Overlord  
  22  2:36  Queen  
  24  2:42  Drone  
  25  2:52  Spine Crawler  
  25  2:53  Drone  
  25  2:57  Drone  
  26  3:12  Zergling x4  
  27  3:13  Zergling x2  
  28  3:28  Drone x5  
  32  3:43  Drone x3  
  34  4:05  Roach Warren  
  34  4:06  Queen x2  
  34  4:07  Spine Crawler  
  36  4:12  Zergling x4  
  38  4:29  Zergling x8  
  38  4:30  Zergling x4  
  41  4:39  Overlord x2  
  41  4:44  Extractor  
  40  4:46  Lair  
  40  4:48  Roach  
  40  4:51  Roach  
  44  5:03  Roach  
  44  5:04  Roach x2  
  44  5:06  Roach  
  52  5:09  Roach  
  52  5:13  Roach  
  56  5:19  Roach  
  56  5:20  Roach  
  60  5:27  Overlord  
  60  5:30  Overlord  
  60  5:47  Drone  
  61  5:50  Drone  
  61  5:55  Glial Reconstitution  
  62  5:58  Drone  
  63  6:09  Roach x3  
  69  6:31  Drone  
  69  6:32  Drone x6  
  76  6:35  Extractor  
  76  6:36  Extractor  
  74  6:45  Zergling x4  
  73  6:58  Hatchery  
  68  7:08  Roach x5  
  63  7:41  Drone x8  
  63  7:42  Drone x2  
  73  7:48  Drone  
  73  7:49  Drone  
  75  7:55  Queen, Hatchery  
  76  8:01  Overlord  
  76  8:05  Overlord  
  76  8:09  Queen  
  76  8:10  Hatchery  
  60  8:47  Drone x7  
  67  8:58  Drone x11  
  78  9:09  Infestation Pit  
  77  9:13  Overlord  
  77  9:14  Overlord  
  77  9:15  Roach, Hydralisk Den  
  77  9:16  Roach x6  
  90  9:23  Spore Crawler x2  
  88  9:27  Spore Crawler, Spine Crawler  
  88  9:30  Spine Crawler  
  85  9:32  Drone, Spine Crawler  
  85  9:35  Drone x2  
  87  9:39  Queen  
  89  9:46  Drone x3  
  89  9:49  Queen  
  94  9:53  Drone x3  
  97  10:36  Hive  
  97  10:38  Overseer  
  97  10:44  Queen x3  
  97  10:45  Queen  
  97  10:48  Drone x11  
  97  10:49  Drone x3  
  113  11:10  Hydralisk  
  113  11:11  Hydralisk x7  
  111  11:13  Overlord x4  
  111  11:14  Overlord x3  
  125  11:28  Overlord x2  
  125  11:29  Overlord x3  
  125  11:35  Roach x5  
  135  11:42  Muscular Augments  
  135  11:54  Adrenal Glands  
  135  12:01  Evolution Chamber  
  135  12:03  Evolution Chamber  
  133  12:13  Burrow  
  133  12:18  Extractor  
  133  12:19  Extractor  
  131  12:26  Pneumatized Carapace  
  129  13:02  Hydralisk x19  
  129  13:03  Hydralisk x3  
  129  13:04  Hydralisk  
  175  13:18  Roach x5  
  181  13:20  Zergling x4  
  181  13:21  Zergling x20  
  193  13:36  Zergling x14  
  176  14:05  Roach x14  
  176  14:06  Roach  
  196  14:14  Hydralisk  
  198  14:28  Hydralisk  
Show
View Real Time Build Order
Export as new Build Order

MonstroTown Terran - Winner!

Build Orders:  

Get SALT Encoding   

  12  0:01  SCV  
  13  0:13  SCV  
  14  0:20  Supply Depot  
  14  0:25  SCV  
  15  0:41  SCV  
  16  0:45  Barracks  
  16  0:55  SCV  
  17  0:59  Barracks  
  17  1:07  SCV  
  18  1:19  Barracks  
  18  1:28  SCV  
  19  1:33  Supply Depot, Marine  
  20  1:41  Barracks  
  20  1:51  Marine  
  20  1:53  Marine  
  22  1:59  Supply Depot  
  22  2:09  Marine  
  22  2:12  Marine  
  24  2:18  Barracks  
  24  2:20  Marine  
  25  2:27  Marine  
  25  2:29  Marine x2  
  28  2:40  Orbital Command  
  28  2:41  Marine  
  29  2:48  Marine x2  
  31  2:55  Marine, Refinery  
  31  3:14  Bunker  
  31  3:25  Marine x2  
  31  3:26  Marine x3  
  30  3:40  SCV  
  27  4:32  Marine x3  
  27  4:33  Marine  
  27  4:38  Factory, Supply Depot  
  31  4:40  Marine  
  32  4:57  Marine x2  
  32  4:58  Marine  
  35  5:04  Marine  
  35  5:15  Marine x2  
  35  5:18  Supply Depot  
  35  5:19  Supply Depot  
  35  5:39  Hellion, Marine  
  38  5:43  SCV  
  39  5:53  Marine  
  39  5:55  SCV  
  41  6:06  Command Center, Marine x2  
  43  6:17  Factory Tech Lab  
  44  6:19  Barracks Tech Lab  
  44  6:21  Starport  
  44  6:24  SCV  
  44  6:36  SCV  
  45  6:49  Marine x3  
  46  7:06  Marine  
  46  7:08  Marine x2  
  39  7:12  Medivac  
  41  7:21  Engineering Bay  
  41  7:24  Marine  
  41  7:25  Marine  
  41  7:26  Marine  
  39  7:40  Siege Tank  
  39  7:42  Marine  
  39  7:43  Marine x2  
  45  7:57  Orbital Command  
  45  8:00  Marine  
  45  8:01  Marine x2  
  45  8:02  SCV  
  49  8:14  SCV  
  50  8:35  Marine x3  
  52  8:53  Marine x3  
  52  8:55  SCV x2  
  57  8:59  Terran Infantry Weapons Level 1  
  57  9:05  Viking  
  57  9:07  SCV x2  
  62  9:18  Marine  
  62  9:19  SCV x2, Marine  
  62  9:22  Stimpack  
  66  9:30  Refinery  
  65  9:31  SCV x2  
  65  9:34  Refinery  
  67  9:43  SCV  
  51  10:04  Marine x2  
  53  10:13  Marine  
  54  10:24  Factory, Armory  
  54  10:25  Engineering Bay, Barracks  
  54  10:26  Barracks Reactor, Barracks  
  54  10:29  Barracks  
  54  10:31  Marine  
  55  10:36  SCV x2  
  53  11:21  Marine x2  
  53  11:22  Marine x2  
  57  11:26  Marine x3  
  57  11:28  Combat Shields  
  43  11:36  Medivac  
  43  11:39  Marine x4  
  41  11:44  Siege Tank, Marine x3  
  49  11:48  Terran Infantry Weapons Level 2  
  49  11:52  Refinery  
  49  11:57  Marine x2  
  51  12:04  Barracks Tech Lab  
  51  12:06  Barracks Reactor, Medivac  
  51  12:07  Barracks Reactor  
  53  12:08  Barracks Tech Lab  
  53  12:25  Command Center  
  53  12:30  Marine x5  
  53  12:33  Siege Tank  
  61  12:48  Marine x3  
  61  12:49  Marauder x2  
  64  13:06  Marauder  
  64  13:22  Marine x4  
  64  13:23  Marine  
  69  13:38  Marine x3  
  69  13:40  Siege Tank  
  58  13:54  Marine x4  
  58  13:55  Marine x2  
  61  13:56  Marine  
  57  14:03  Marine  
  57  14:04  Marine  
  59  14:33  Supply Depot x2  
  59  14:34  Supply Depot  
  59  14:36  Supply Depot  
Tags
 
Add a new tag
Caveats
  • Supply blocks, unpowered buildings, or Contaminate may cause inaccurate times.
  • Supply counts are checked every 10 seconds.